 Dungeon Crawl Stone Soup version 0.32-a0-876-gcfddb08e57 (webtiles) character file.

Game seed: 18196358041315069111

2266 Lanoc the Grappler (level 9, -3/75 HPs)
             Began as a Troll Shapeshifter on Apr 1, 2024.
             Was a Priest of Wu Jian.
             Slain by Maggie
             ... wielding a +2 long sword of flaming
              (11 damage)
             ... on level 6 of the Dungeon.
             The game lasted 00:04:43 (3577 turns).

Lanoc the Grappler (Troll Shapeshifter)             Turns: 3577, Time: 00:04:44

Health: -3/75      AC:  4    Str: 28    XL:     9   Next: 16%
Magic:  8/8        EV: 14    Int:  6    God:    Wu Jian [***...]
Gold:   295        SH:  0    Dex: 15    Spells: 8/8 levels left

rFire   . .          .
                       - Unarmed
rCold   . . .        (no shield)
rNeg    . . .        a - +0 animal skin
rPois   .            (helmet currently unavailable)
rElec   .            (cloak currently unavailable)
rCorr   .            (gloves unavailable)
SInv    .            (boots unavailable)
Will    .....        s - amulet of the acrobat
Stlth   +            f - +5 ring of evasion
HPRegen 1.12/turn    h - +6 ring of dexterity
MPRegen 0.11/turn

%: acrobat
@: beast-form, mesmerised
A: beast (slay +4), large, unfitting armour, claws 3, regeneration 1, shaggy fur
1, tough skin 1
a: Begin Untransformation, Renounce Religion, Wall Jump, Serpent's Lash


You were on level 6 of the Dungeon.
You worshipped Wu Jian.
Wu Jian was most pleased with you.
You were a hulking beast.
You visited 1 branch of the dungeon, and saw 6 of its levels.

You collected 295 gold pieces.

Inventory:

Missiles
 n - 4 large rocks (quivered)
Armour
 a - a +0 animal skin (worn)
 y - a +0 cloak
Jewellery
 f - a +5 ring of evasion (left claw)
 h - a +6 ring of dexterity (right claw)
 s - an amulet of the acrobat (around neck)
Talismans
 c - a beast talisman (active)
 d - a flux talisman
Wands
 r - a wand of charming (8)
 t - a wand of iceblast (8)
 u - a wand of light (6)
Scrolls
 e - 3 scrolls of fog {unknown}
 g - 7 scrolls of identify {unknown}
 i - 3 scrolls of fear {unknown}
 k - a scroll of teleportation {unknown}
 m - 2 scrolls of noise {unknown}
 o - a scroll of immolation {unknown}
 p - a scroll of poison {unknown}
 w - a scroll of brand weapon {unknown}
Potions
 b - a potion of lignification
 j - a potion of might
 q - 3 potions of heal wounds {unknown}
 v - a potion of magic {unknown}
 x - a potion of attraction {unknown}
 z - a potion of invisibility {unknown}


   Skills:
 - Level 0.7 Fighting
 - Level 1.5 Dodging
 * Level 9.2 Unarmed Combat
 * Level 8.5 Shapeshifting


You had 8 spell levels left.
You didn't know any spells.
Your spell library contained the following spells:

 Spells                   Type           Power      Damage    Failure   Level
 Freeze                   Ice            0%         1d3       45%         1
 Slow                     Hex            0%         N/A       45%         1
 Ensorcelled Hibernation  Hex/Ice        0%         N/A       58%         2
 Frozen Ramparts          Ice            0%         1d1       83%         3
 Hailstorm                Conj/Ice       0%         3d5       83%         3
 Passwall                 Erth           0%         N/A       83%         3
 Swiftness                Air            0%         N/A       83%         3
 Tukima's Dance           Hex            0%         N/A       83%         3
 Dimensional Bullseye     Hex/Tloc       0%         N/A       99%         4
 Iskenderun's Mystic Bla Conj/Tloc 0%             2d3        (+2d1     99%         4
 Passage of Golubria      Tloc           0%         N/A       99%         4
 Silence                  Hex/Air        0%         N/A       100%        5
 Lehudib's Crystal Spear  Conj/Erth      0%         10d2      100%        8


Dungeon Overview and Level Annotations

Branches:
Dungeon (6/15)
 Temple: D:4-7

Altars:
Ashenzari
Cheibriados
Gozag
Hepliaklqana
Kikubaaqudgha
Ru
Sif Muna
Trog
Uskayaw
Vehumet
Wu Jian

Shops:
D:2 =   D:6 (

Annotations:
D:6 Maggie


Innate Abilities, Weirdness & Mutations

You are a hulking beast.
Your limbs bulge with bestial killing power. (Slay +4)
You are too large for most types of armour.
You have claws for hands.
Your natural rate of healing is unusually fast.
You are covered in fur. (AC +1)
You have tough skin. (AC +1)


Message History

The bolt of fire misses you.
You claw Maggie!
Maggie is heavily wounded.
Maggie mumbles some strange words.
Maggie attempts to bespell you!
You are mesmerised by Maggie!
You closely miss Maggie.
Maggie is heavily wounded.
Maggie hits you with a +2 long sword of flaming!
Maggie burns you.
* * * LOW HITPOINT WARNING * * *
You scratch Maggie.
Maggie is heavily wounded.
You scratch Maggie but do no damage.
Maggie is heavily wounded.
Maggie hits you with a +2 long sword of flaming!
* * * LOW HITPOINT WARNING * * *
Maggie burns you.
* * * LOW HITPOINT WARNING * * *
You cannot move away from Maggie!
You barely miss Maggie.
Maggie is heavily wounded.
Maggie points at you and mumbles some strange words.
The bolt of fire misses you.
You barely miss Maggie.
Maggie is heavily wounded.
Maggie closely misses you.
You feel better. Maggie closely misses you.
You scratch Maggie but do no damage.
Maggie is heavily wounded.
Maggie misses you.
You scratch Maggie.
Maggie is heavily wounded.
Maggie points at you and mumbles some strange words.
The bolt of fire hits you!!
* * * LOW HITPOINT WARNING * * *
You feel better.
Maggie says, "Did Master Lance send you?"
Maggie hits you with a +2 long sword of flaming!
You die...

#....#... ...
#...##... ...
#.>###...
#.#######..# #...
#.#.....#..# #... #
#.#.###.#..# ####
#.#.####.#.###.#..#
#........#........#
.......h.......##.#
#.#...@...........#
#.############### #


You could see Maggie (mesmerising).

Vanquished Creatures
  Pikel (D:6)
  Grinder (D:5)
  Sigmund (D:3)
  Edmund (D:4)
  A water moccasin (D:6)
  A black bear (D:6)
  An ogre (D:5)
  A centaur (D:6)
  3 lemures (D:6)
  A scorpion (D:5)
  5 wights (D:6)
  2 howler monkeys
  4 bombardier beetles
  3 hounds (D:5)
  A jelly (D:5)
  An orc priest (D:6)
  Jessica (D:2)
  Ijyb (D:5)
  3 iguanas
  2 orc wizards
  4 gnolls (D:4)
  5 adders
  2 shadow imps
  2 ufetubi (D:5)
  3 ribbon worms
  3 dart slugs
  An orc (D:5)
  5 endoplasms
  6 goblins
  11 hobgoblins
  7 jackals
  A quokka (D:3)
  3 ball pythons
  8 bats
  4 frilled lizards
  3 kobolds
  5 rats
108 creatures vanquished.

Notes
Turn   | Place    | Note
-------+----------+-------------------------------------------
     0 | D:1      | Lanoc the Troll Shapeshifter began the quest for the Orb.
     0 | D:1      | Reached XP level 1. HP: 18/18 MP: 0/0
    59 | D:1      | Reached XP level 2. HP: 26/26 MP: 1/1
   219 | D:1      | Reached XP level 3. HP: 32/32 MP: 2/2
   657 | D:2      | Noticed Jessica
   661 | D:2      | Killed Jessica
   664 | D:2      | Reached skill level 4 in Unarmed Combat
   723 | D:2      | Found Buetic's Jewellery Shoppe.
   783 | D:2      | Found a broken altar of Ashenzari.
  1010 | D:3      | Reached XP level 4. HP: 40/40 MP: 3/3
  1072 | D:3      | Found a faded altar of an unknown god.
  1096 | D:3      | Prayed at the altar of an unknown god.
  1096 | D:3      | Became a worshipper of the Wu Jian Council
  1096 | D:3      | Reached * piety under Wu Jian
  1140 | D:3      | Found a hide-covered altar of Uskayaw.
  1326 | D:3      | Noticed Sigmund
  1342 | D:3      | Killed Sigmund
  1343 | D:3      | Reached skill level 5 in Unarmed Combat
  1343 | D:3      | Reached XP level 5. HP: 41/46 MP: 4/4
  1635 | D:4      | Reached ** piety under Wu Jian
  1636 | D:4      | Reached XP level 6. HP: 54/54 MP: 5/5
  1679 | D:4      | Reached skill level 5 in Shapeshifting
  1843 | D:4      | Noticed Edmund
  1854 | D:4      | Killed Edmund
  2146 | D:4      | Found a hazy altar of Hepliaklqana.
  2193 | D:5      | Entered Level 5 of the Dungeon
  2226 | D:5      | Found an opulent altar of Gozag.
  2229 | D:5      | Reached skill level 6 in Unarmed Combat
  2229 | D:5      | Reached XP level 7. HP: 61/61 MP: 6/6
  2276 | D:5      | Found a bloodstained altar of Trog.
  2334 | D:5      | Found a sacrificial altar of Ru.
  2362 | D:5      | Noticed Ijyb
  2366 | D:5      | Killed Ijyb
  2612 | D:5      | Found a snail-covered altar of Cheibriados.
  2908 | D:5      | Found a radiant altar of Vehumet.
  2908 | D:5      | Found an ancient bone altar of Kikubaaqudgha.
  2910 | D:5      | Found a shimmering blue altar of Sif Muna.
  2911 | D:5      | Noticed Grinder
  2925 | D:5      | Killed Grinder
  2926 | D:5      | Reached skill level 7 in Unarmed Combat
  2926 | D:5      | Reached XP level 8. HP: 61/68 MP: 7/7
  2936 | D:5      | Got Sif Muna's Atlas of Fate
  3141 | D:6      | Noticed Pikel
  3164 | D:6      | HP: 3/68 [Pikel/+0 whip of electrocution (19)]
  3168 | D:6      | Killed Pikel
  3169 | D:6      | Reached skill level 8 in Unarmed Combat
  3313 | D:6      | Reached *** piety under Wu Jian
  3317 | D:6      | Reached XP level 9. HP: 75/75 MP: 8/8
  3383 | D:6      | Reached skill level 9 in Unarmed Combat
  3423 | D:6      | Found Qyunun's Antique Weapon Boutique.
  3558 | D:6      | Noticed Maggie
  3576 | D:6      | HP: 1/75 [Maggie/bolt of fire (19)]
  3577 | D:6      | Slain by Maggie

Illustrated notes

Levels and vault maps discovered:
D:1:      dpeg_arrival_tiny_a, layout_rooms, nrook_campfire,
          minmay_misc_feat_more_columns
D:2:      layout_basic, serial_shops, shop, basic_altar, uniq_jessica
D:3:      layout_basic, mainiacjoe_overflow_cross_hatched,
          chequers_ecumenical_altar_island, uniq_sigmund
D:4:      layout_basic, kennysheep_mini_moat, serial_curves, eino_curves_04,
          eino_curves_03, hangedman_decor_riveting, nicolae_grassy_gnolls,
          uniq_edmund
D:5:      layout_basic, grunt_temple_overflow_magic_moments, trog_book,
          mainiacjoe_overflow_boulevard, kennysheep_little_box,
          nicolae_ru_great_annihilating_truth, nicolae_underground_beach,
          uniq_ijyb, uniq_grinder
D:6:      layout_basic, serial_shops, shop, minivault_24, uniq_pikel,
          uniq_maggie

Skill      XL: |  1  2  3  4  5  6  7  8  9 |
---------------+----------------------------+-----
Unarmed Combat | 4 5 6 7 8 9 |  9.2
Shapeshifting  | 4 5 6 8 |  8.5
Fighting       | |  0.7
Dodging        | |  1.5

Action                     |  1- 3 |  4- 6 |  7- 9 || total
---------------------------+-------+-------+-------++-------
  Melee: Unarmed           |    67 |    72 |   144 ||   283
         Punch             |     2 |     1 |     8 ||    11
  Throw: Large rock        |       |     1 |     1 ||     2
Ability: Lunge             |       |    10 |    17 ||    27
         Whirlwind         |       |       |     7 ||     7
    Use: Potion            |       |       |     5 ||     5
   Stab: Sleeping          |     1 |     1 |     3 ||     5
         Paralysed         |       |       |     2 ||     2
 Armour: Animal skin       |    33 |    20 |    52 ||   105
  Dodge: Dodged            |    71 |    40 |    95 ||   206

Table legend: (Time is in decaauts)
 A = Elapsed time spent in this place.
 B = Non-inter-level travel time spent in this place.
 C = Inter-level travel time spent in this place.
 D = Time resting spent in this place.
 E = Time spent auto-exploring this place.
 F = Levels seen in this place.
 G = Mean time per level.
                   A        B        C        D        E       F      G
               +--------+--------+--------+--------+--------+-----+--------+
         Total |   3550 |   3454 |     96 |      0 |   2826 |   6 |  591.7 |
       Dungeon |   3550 |   3454 |     96 |      0 |   2826 |   6 |  591.7 |
               +--------+--------+--------+--------+--------+-----+--------+

Top non-repeatable levels by time:
     D:5: 911 daAuts
     D:4: 682 daAuts
     D:2: 657 daAuts
     D:3: 522 daAuts
     D:6: 455 daAuts
     D:1: 320 daAuts
